AoeStats
← capitanhukz

Golden Pit

509631182Analyzed
1v1 RM · 4d ago on Sep 27, 2026· 19m 31s· 2 players
Game mode
Random Map
Map size
Tiny (2 player)
Population
200
Speed
Normal
Resources
Standard
Victory
Conquest
Starting age
Dark Age
Ending age
Imperial Age
RankedLock teamsTeams togetherTeam positionsShared explorationLock speedFull tech treeHidden civsTurbo modeCheats
Victory
Defeat
🇵🇱 Persians · Poland
352
+18
🇪🇸 Portuguese · Spain
405
-18
mikikozielczyk79
8:58 Feudal Age
15:21 Double-Bit Axe
16:11 Fletching
16:23 Padded Archer Armor
17:33 Horse Collar
capitanhukz
0:38 Loom
12:18 Feudal Age
12:55 Double-Bit Axe
Connection lost

Rejoining the realm…

Still unreachable

The connection could not be restored.

Session expired

The server has moved on; the page needs a fresh start.